 Dungeon Crawl Stone Soup version 0.30.1 (webtiles) character file.

Game seed: 14637613985775001793

1310 Testola the Carver (level 8, -2/57 (58) HPs)
             Began as a Human Berserker on July 9, 2023.
             Was a Priest of Trog.
             Slain by a wight
             ... wielding a +3 short sword
              (5 damage)
             ... on level 6 of the Dungeon.
             The game lasted 00:42:02 (7592 turns).

Testola the Carver (Human Berserker)                Turns: 7592, Time: 00:42:03

HP:   -2/57 (58)    AC:  6    Str: 19    XL:     8   Next: 88%
MP:   8/8           EV:  6    Int:  8    God:    Trog [***...]
Gold: 340           SH:  0    Dex: 13    Spells: 7/7 levels left

rFire   . . .        a - +1 falchion
rCold   . . .        (no shield)
rNeg    . . .        W - +1 plate armour
rPois   .            (no helmet)
rElec   .            G - +0 cloak
rCorr   .            r - +0 pair of gloves
SInv    .            (no boots)
Will    .....        T - amulet of faith Stlth
                     (no ring)
HPRegen 0.29/turn    (no ring)
MPRegen 0.11/turn

%: faith
@: about to teleport, corroded, on berserk cooldown, slowed, lightly drained,
very slow
A: no striking features
a: Renounce Religion, Berserk, Trog's Hand


You were on level 6 of the Dungeon.
You worshipped Trog.
Trog was most pleased with you.
You visited 2 branches of the dungeon, and saw 7 of its levels.

You collected 368 gold pieces.
You spent 28 gold pieces at shops.

Inventory:

Hand Weapons
 a - a +1 falchion (weapon)
 s - a +2 war axe of flaming
Missiles
 h - 33 stones
 m - 5 silver boomerangs
 o - a boomerang of dispersal
 K - 7 boomerangs (quivered)
 S - 6 atropa-tipped darts
Armour
 f - a +0 ring mail
 l - a +0 chain mail
 p - an orb of wrath
 r - a +0 pair of gloves (worn)
 t - +0 steam dragon scales
 G - a +0 cloak (worn)
 R - a +1 hat
 W - a +1 plate armour (worn)
Magical Staves
 i - a staff of poison
 H - a staff of fire
 P - a staff of cold
Jewellery
 e - a ring of protection from cold
 u - a ring of ice
 T - an amulet of faith (around neck)
Wands
 b - a wand of flame (17)
 w - a wand of digging (3)
 I - a wand of paralysis (1)
Scrolls
 k - 2 scrolls of poison
 v - 5 scrolls of teleportation
 y - a scroll of noise
Potions
 c - a potion of haste
 d - 2 potions of heal wounds
 g - a potion of invisibility {unknown}
 j - a potion of curing
 q - 3 potions of brilliance
 x - 2 potions of resistance
 z - a potion of attraction {unknown}
 C - a potion of might {unknown}
 F - a potion of cancellation {unknown}
 O - a potion of flight {unknown}
 U - a potion of degeneration {unknown}
 V - a potion of ambrosia {unknown}


   Skills:
 - Level 3.1 Fighting
 + Level 10.5 Long Blades
 - Level 2.1 Armour
 - Level 2.1 Dodging


You had 7 spell levels left.
You didn't know any spells.
Your spell library contained the following spells:

 Spells                   Type           Power      Damage    Failure   Level
 Kiss of Death            Conj/Necr      0%         2d5       100%        1
 Magic Dart               Conj           0%         1d3       100%        1
 Call Imp                 Summ           0%         N/A       100%        2
 Confusing Touch          Hex            0%         N/A       100%        3
 Mephitic Cloud           Conj/Pois/Air  0%         N/A       100%        3
 Ozocubu's Armour         Ice            0%         N/A       100%        3
 Dispel Undead            Necr           0%         3d6       100%        4
 Ozocubu's Refrigeration  Ice            0%         4d7       100%        7


Dungeon Overview and Level Annotations

Branches:
Dungeon (6/15)             Temple (1/1) D:4

Altars:
Cheibriados
Dithmenos
Elyvilon
Hepliaklqana
Nemelex Xobeh
Okawaru
Qazlal
Ru
Sif Muna
Trog
Uskayaw
Vehumet
Xom
Yredelemnul
The Shining One

Shops:
D:1 *   D:6 [:(!


Message History

The yak bellows!
You hit the yak.
The yak is heavily wounded.
You barely miss the yak.
The yak is heavily wounded.
The yak closely misses you.
You hit the yak.
The yak is heavily wounded.
You barely miss the yak.
The yak is heavily wounded.
The yak gores you!
* * * LOW HITPOINT WARNING * * *
You closely miss the yak.
The yak is heavily wounded.
You hit the yak but do no damage.
The yak is heavily wounded.
The yak gores you!
* * * LOW HITPOINT WARNING * * *
You barely miss the yak.
The yak is heavily wounded.
You slash the yak!
The yak is severely wounded.
The yak gores you.
* * * LOW HITPOINT WARNING * * *
The wight hits you with a +3 short sword.
* * * LOW HITPOINT WARNING * * *
You feel drained.
* * * LOW HITPOINT WARNING * * *
You are too berserk!
You are no longer berserk.
You are exhausted.
You feel yourself slow down.
As you read the scroll of teleportation, it crumbles to dust.
You feel strangely unstable. The wight hits you but does no damage.
Unknown command.
As you read the scroll of fear, it crumbles to dust.
You assume a fearsome visage.
The wight is unaffected.
The yak looks frightened! x2
The wight hits you with a +3 short sword.
You die...

######.## #.#
###.####
######......#
##...##.#.##.#
######.....#Y#.##.#
#...>......Y...##.#
#.####....Y#z#.##.#
#.#
##...##@...#.########
#.#
######.............#
#.# ##...########.#
#Y# ##.## #.# #.# #.#
#.# #z# #.# ###.###
#.......# ##'##
#.....# #.#.###.#
##...## #.#.#.# #.#.#
##.....## #.#.#.#


You could see 2 yaks and a wight.

Vanquished Creatures
  Maggie (D:6)
  A human (D:5)
  An ice beast (D:5)
  2 ogres
  A centaur (D:6)
  2 jellies
  A quasit (D:5)
  3 hounds
  An orc priest (D:4)
  3 sleepcaps
  An iguana (D:5)
  4 gnolls (D:4)
  6 adders
  4 shadow imps (D:5)
  4 white imps (D:5)
  An ufetubus (D:5)
  A worm (D:2)
  2 dart slugs
  3 orcs
  9 ball pythons
  7 endoplasms
  4 giant cockroaches
  5 goblins
  6 hobgoblins
  10 jackals
  5 quokkas
  5 bats
  2 frilled lizards
  A goblin skeleton (D:5)
  8 kobolds
  A kobold zombie (D:5)
  6 rats
111 creatures vanquished.

Vanquished Creatures (others)
  5 dream sheep (D:6)
5 creatures vanquished.

Grand Total: 116 creatures vanquished

Notes
Turn   | Place    | Note
-------+----------+-------------------------------------------
     0 | D:1      | Testola the Human Berserker began the quest for the Orb.
     0 | D:1      | Reached XP level 1. HP: 18/18 MP: 1/1
   111 | D:1      | Reached XP level 2. HP: 24/24 MP: 2/2
   529 | D:1      | Reached XP level 3. HP: 28/29 MP: 3/3
   600 | D:1      | Found a faded altar of an unknown god.
  1036 | D:1      | Found Itedub's General Store.
  1072 | D:1      | Bought a scroll of identify for 28 gold pieces
  1430 | D:2      | Reached skill level 4 in Long Blades
  1494 | D:2      | Reached ** piety under Trog
  1689 | D:2      | Reached XP level 4. HP: 35/35 MP: 4/4
  2515 | D:3      | Found a hide-covered altar of Uskayaw.
  2632 | D:3      | Found an iron altar of Okawaru.
  2642 | D:3      | Reached skill level 5 in Long Blades
  3148 | D:4      | Found a shimmering blue altar of Sif Muna.
  3149 | D:4      | Noticed an ogre
  3272 | D:4      | Reached XP level 5. HP: 35/41 MP: 5/5
  3382 | D:4      | Found a staircase to the Ecumenical Temple.
  3448 | Temple   | Entered the Ecumenical Temple
  3527 | D:4      | Reached skill level 6 in Long Blades
  3532 | D:4      | Reached XP level 6. HP: 30/47 MP: 6/6
  3742 | D:4      | Reached *** piety under Trog
  3918 | D:4      | Killed an ogre
  3919 | D:4      | Reached skill level 7 in Long Blades
  3919 | D:4      | Reached XP level 7. HP: 52/52 MP: 7/7
  4706 | D:5      | Entered Level 5 of the Dungeon
  4767 | D:5      | Reached skill level 8 in Long Blades
  5311 | D:5      | Reached XP level 8. HP: 47/58 MP: 8/8
  6010 | D:5      | Found a runed translucent door.
  6010 | D:5      | Noticed a human
  6040 | D:5      | Found a basalt altar of Yredelemnul.
  6101 | D:5      | Killed a human
  6102 | D:5      | Reached skill level 9 in Long Blades
  6681 | D:6      | Found Juerovem's Armour Boutique.
  7145 | D:6      | Noticed Maggie
  7163 | D:6      | Killed Maggie
  7164 | D:6      | Reached skill level 10 in Long Blades
  7211 | D:6      | Found a radiant altar of Vehumet.
  7319 | D:6      | Found Emuotal's Distillery.
  7410 | D:6      | Noticed a dream sheep
  7410 | D:6      | Noticed a dream sheep
  7410 | D:6      | Noticed a dream sheep
  7410 | D:6      | Noticed a dream sheep
  7410 | D:6      | Noticed a dream sheep
  7410 | D:6      | Found a shimmering altar of Xom.
  7414 | D:6      | Killed a dream sheep
  7414 | D:6      | Killed a dream sheep
  7415 | D:6      | Killed a dream sheep
  7415 | D:6      | Killed a dream sheep
  7415 | D:6      | Killed a dream sheep
  7442 | D:6      | Found Sezyhuw's Weapon Shoppe.
  7468 | D:6      | Found Ysmaom's Book Shop.
  7550 | D:6      | Noticed a yak
  7577 | D:6      | Noticed a yak
  7580 | D:6      | Noticed a yak
  7589 | D:6      | HP: 4/87 [wight/+3 short sword (3)]
  7592 | D:6      | Slain by a wight

Illustrated notes

Levels and vault maps discovered:
D:1:      erik_arrival_cave_to_civilisation [erik_arrival_cave_to_hall],
          layout_loops_ring, serial_shops, shop,
          ebering_ecumenical_altar_sacrificial
D:2:      layout_loops_ring, st_stairs_2
D:3:      layout_basic, mainiacjoe_overflow_alcove_2, nicolae_uskayaw_dance_hall
D:4:      layout_loops_ring, mainiacjoe_overflow_paths,
          minmay_temple_entry_offerings, hellmonk_no_cap
D:5:      layout_loops_ring, dk_yredelemnul_ordeal, serial_demonic,
          serial_demonic_c, serial_demonic_c, serial_demonic_d,
          serial_demonic_d, serial_bayou_lagoon_b
D:6:      layout_loops_corners, marbit_many_paths, kb_xom_exploding_sheep,
          nicolae_overflow_crystal_walls, serial_shops, shop,
          nicolae_stop_n_shop_2, shop, nicolae_shop_statue_plus,
          nicolae_shop_tiny_glass, uniq_maggie
Temple:   hc_temple_tempest_star

Skill      XL: |  1  2  3  4  5  6  7  8 |
---------------+-------------------------+-----
Long Blades    | 4 5 6 7 8 10 | 10.5
Fighting       | |  3.1
Armour         | |  2.1
Dodging        | |  2.1

Action                     |  1- 3 |  4- 6 |  7- 9 || total
---------------------------+-------+-------+-------++-------
  Melee: Falchion          |   131 |   180 |   245 ||   556
         Punch             |     2 |       |     5 ||     7
  Throw: Boomerang         |       |     1 |       ||     1
 Invoke: Berserk           |       |     4 |     5 ||     9
         Trog's Hand       |       |     1 |     2 ||     3
    Use: Scroll            |     5 |       |    11 ||    16
 Armour: Animal skin       |     4 |       |       ||     4
         Scale mail        |    15 |       |       ||    15
         Chain mail        |    35 |    85 |    55 ||   175
         Plate armour      |       |       |    59 ||    59
  Dodge: Dodged            |    87 |    59 |    84 ||   230
